 Dungeon Crawl Stone Soup version 0.31-a0-841-g038b102fc3 (webtiles) character file.

Game seed: 2886219941884612188

119 Kurtz the Chopper (level 5, 0/36 HPs)
             Began as an Octopode Fighter on Sept 27, 2023.
             Slain by a gnoll
             ... wielding a +0 spear
              (10 damage)
             ... on level 3 of the Dungeon.
             The game lasted 00:00:54 (1626 turns).

Kurtz the Chopper (Octopode Fighter)                Turns: 1626, Time: 00:00:54

Health: 0/36       AC:  1    Str: 16    XL:     5   Next: 3%
Magic:  5/5        EV: 13    Int: 10    God:
Gold:   161        SH:  4    Dex: 13    Spells: 4/4 levels left

rFire   . . .        a - +0 war axe
rCold   . . .        b - +0 buckler
rNeg    . . .        (helmet restricted)
rPois   .            (no amulet)
rElec   .            d - ring of flight
rCorr   .            (no ring)
SInv    .            (no ring)
Will    .....        (no ring)
Stlth   ++           (no ring)
HPRegen 0.26/turn    (no ring)
MPRegen 0.09/turn    (no ring)
                     (no ring)

%: no passive effects
@: flying
A: almost no armour, amphibious, 8 rings, camouflage 1, gelatinous body 1,
(nimble swimmer 1), tentacles
a: no special abilities


You were on level 3 of the Dungeon.
You visited 1 branch of the dungeon, and saw 3 of its levels.

You collected 161 gold pieces.

Inventory:

Hand Weapons
 a - a +0 war axe (weapon)
Armour
 b - a +0 buckler (worn)
Jewellery
 d - a ring of flight (left tentacle)
 i - an amulet of magic regeneration
Scrolls
 e - a scroll of teleportation {unknown}
 f - 3 scrolls of identify {unknown}
 g - a scroll of amnesia {unknown}
 h - a scroll of blinking {unknown}
 j - a scroll of acquirement {unknown}
 k - a scroll of enchant weapon {unknown}
Potions
 c - a potion of might
 l - a potion of ambrosia {unknown}
 m - a potion of attraction {unknown}
 n - a potion of curing {unknown}


   Skills:
 - Level 3.0 Fighting
 * Level 5.0 Axes
 - Level 3.0 Dodging
 - Level 3.0 Shields


You had 4 spell levels left.
You didn't know any spells.
Your spell library contained the following spells:

 Spells                   Type           Power      Damage    Failure   Level
 Shock                    Conj/Air       0%         1d3       43%         1
 Sublimation of Blood     Necr           0%         N/A       58%         2
 Wereblood                Tmut           0%         N/A       58%         2
 Inner Flame              Hex/Fire       0%         N/A       82%         3
 Swiftness                Air            0%         N/A       82%         3
 Airstrike                Air            0%         2d(0-16)  99%         4
 Flame Wave               Conj/Fire      0%         2d4       99%         4
 Sticky Flame             Conj/Fire      0%         2d3       99%         4
 Summon Hydra             Summ           0%         N/A       100%        7


Dungeon Overview and Level Annotations

Branches:
Dungeon (3/15)

Altars:


Innate Abilities, Weirdness & Mutations

You cannot wear most types of armour.
You are amphibious.
You can wear up to eight rings at the same time.
Your skin changes colour to match your surroundings (Stealth+).
Your rubbery body absorbs attacks. (AC +1, EV +1)
((You are camouflaged when in or above water. (Stealth+)))
You have tentacles for arms and can constrict up to eight enemies at once.


Message History

The ball python barely misses you.
You slash the ball python!
You kill the ball python!
HP restored.
Found a pair of boots.
Unknown command.
No target in view!
No target in view!
A gnoll comes into view. It is wielding a +0 spear.
The gnoll shouts!
You hear a shout! x2
A gnoll comes into view. It is wielding a +0 spear.
The gnoll moves out of view.
You hear a shout! 2 gnolls come into view.
A gnoll is wielding a +2 spear of venom.
You hear a shout!
There are monsters nearby!
There are monsters nearby!
You barely miss the gnoll. You grab the gnoll.
You squeeze the gnoll, but do no damage.
You constrict the gnoll. You block the gnoll's attack.
The gnoll hits you with a +0 spear. The gnoll closely misses you.
There are monsters nearby!
You hit the gnoll but do no damage. You squeeze the gnoll!
You kill the gnoll!
The gnoll hits you from afar with a +0 spear. x4
Your Axes skill increases to level 5!
You have reached level 5!
You feel stronger. The gnoll attacks as it pursues you!
The gnoll hits you from afar with a +0 spear.
The gnoll attacks as it pursues you! The gnoll misses you.
The gnoll attacks as it pursues you!
The gnoll hits you from afar with a +0 spear.
* * * LOW HITPOINT WARNING * * *
The gnoll attacks as it pursues you! You block the gnoll's attack.
The gnoll attacks as it pursues you! The gnoll hits you but does no damage.
The gnoll attacks as it pursues you!
The gnoll hits you from afar with a +0 spear!
You die...

### #<# #†# #.# #.#
#####.
#.###############.....
#............)........
###########@.g.##.## #
###.##.##.###.##
#...............
.....#..#g..####
..........#.g.#
..........#...####..##
.................g....
.......[......)......#
.#.#....#...####...#


You could see a gnoll.

Vanquished Creatures
  Jessica (D:2)
  An iguana (D:3)
  2 adders (D:2)
  A gnoll (D:3)
  A worm (D:2)
  2 dart slugs
  2 endoplasms (D:2)
  A giant cockroach (D:2)
  2 goblins (D:1)
  3 hobgoblins
  A jackal (D:2)
  5 kobolds
  A quokka (D:1)
  4 ball pythons
  A bat (D:1)
  4 frilled lizards
  5 rats
37 creatures vanquished.

Notes
Turn   | Place    | Note
-------+----------+-------------------------------------------
     0 | D:1      | Kurtz the Octopode Fighter began the quest for the Orb.
     0 | D:1      | Reached XP level 1. HP: 16/16 MP: 1/1
   360 | D:1      | Reached XP level 2. HP: 16/21 MP: 2/2
   472 | D:1      | Reached skill level 3 in Axes
   825 | D:2      | Reached XP level 3. HP: 26/26 MP: 3/3
   953 | D:2      | Noticed Jessica
   966 | D:2      | Killed Jessica
   967 | D:2      | Reached skill level 4 in Axes
   987 | D:2      | Reached XP level 4. HP: 31/31 MP: 4/4
  1370 | D:2      | Found a faded altar of an unknown god.
  1619 | D:3      | Reached skill level 5 in Axes
  1619 | D:3      | Reached XP level 5. HP: 13/36 MP: 5/5
  1626 | D:3      | Slain by a gnoll

Illustrated notes

Levels and vault maps discovered:
D:1:      beargit_arrival_diablo_church, layout_basic
D:2:      layout_loops_ring, ebering_ecumenical_altar_petrified,
          corexii_item_surrounded_by_moat, columned_hall_lemuel,
          kennysheep_doodads, kennysheep_generic_room_12, uniq_jessica
D:3:      layout_basic

Skill      XL: |  1  2  3  4 |
---------------+-------------+-----
Axes           | 3 4 5 |  5.0
Fighting       | |  3.0
Dodging        | |  3.0
Shields        | |  3.0

Action                     |  1- 3 |  4- 6 || total
---------------------------+-------+-------++-------
  Melee: War axe           |    33 |    26 ||    59
         Constrict         |     7 |     6 ||    13
         Tentacles         |     3 |     6 ||     9
   Stab: Sleeping          |     7 |     3 ||    10
 Armour: Skin              |    12 |    13 ||    25
  Dodge: Dodged            |    14 |    12 ||    26
  Block: Buckler           |     6 |     5 ||    11

Table legend: (Time is in decaauts)
 A = Elapsed time spent in this place.
 B = Non-inter-level travel time spent in this place.
 C = Inter-level travel time spent in this place.
 D = Time resting spent in this place.
 E = Time spent auto-exploring this place.
 F = Levels seen in this place.
 G = Mean time per level.
                   A        B        C        D        E       F      G
               +--------+--------+--------+--------+--------+-----+--------+
         Total |   1646 |   1552 |     94 |    109 |   1186 |   3 |  548.7 |
       Dungeon |   1646 |   1552 |     94 |    109 |   1186 |   3 |  548.7 |
               +--------+--------+--------+--------+--------+-----+--------+

Top non-repeatable levels by time:
     D:2: 815 daAuts
     D:1: 786 daAuts
     D:3: 44 daAuts
